Cogmind - Beta 14 *** ADVENTURER MODE // 2025.03.21 @ 18:11:16 Player: crsstev Result: Smashed by cave-in Performance ------------- Evolutions (0) 0 Regions Visited (4) 800 Robots Destroyed (14) 70 Value Destroyed (313) 313 Prototype IDs (3) 60 Alien Tech Used (0) 0 Bonus (300) 300 TOTAL SCORE: 1543 Bonus ------- Aligned with FarCom 300 Cogmind --------- Core Integrity 0/250 Matter 300/300 Energy 249/250 System Corruption 2% Temperature Cool (46) Movement Walking (260) Ox2 Location -9/Mines Parts ------- > --- POWER (1) -------- Ion Engine > --- PROPULSION (2) --- Aluminum Leg > --- UTILITY (2) ------ Medium Storage Unit PSU Rigger > --- WEAPON (2) ------- Particle Gun Light Assault Rifle > --- INVENTORY (10) --- Ion Engine Aluminum Leg Structural Scanner Sensor Array Sensor Array EM Pulse Gun Autogun Autogun Rocket Launcher Mining Claw Peak State ------------ > --- POWER ------------ Ion Engine > --- PROPULSION ------- Aluminum Leg Aluminum Leg > --- UTILITY ---------- Medium Storage Unit PSU Rigger > --- WEAPON ----------- Particle Gun Light Assault Rifle > --- INVENTORY -------- Ion Engine Structural Scanner Sensor Array Sensor Array EM Pulse Gun Autogun Autogun Rocket Launcher Mining Claw [Rating: 16] Favorites ----------- Power Ion Engine Engine Ion Engine Propulsion Aluminum Leg Treads Light Treads Leg Aluminum Leg Utility Medium Storage Unit Device PSU Rigger Storage Medium Storage Unit Processor Visual Processing Unit Protection Light Armor Plating Weapon Light Assault Rifle Energy Gun Particle Gun Ballistic Gun Light Assault Rifle Launcher Rocket Launcher Build | -11 -10 -10 -10 -9 ------- Run | Yrd Mat Min Exi Min Slots Evolved . | . . . . . Power . | . . . . . Propulsion . | . . . . . Utility . | . . . . . Weapon . | . . . . . Parts Attached 18 | 7 10 . 1 . Power 1 | 1 . . . . Engine 1 | 1 . . . . Core . | . . . . . Reactor . | . . . . . Propulsion 6 | 3 3 . . . Treads 1 | 1 . . . . Leg 5 | 2 3 . . . Wheel . | . . . . . Hover . | . . . . . Flight . | . . . . . Utility 5 | 1 3 . 1 . Device 1 | . . . 1 . Storage 2 | 1 1 . . . Processor 1 | . 1 . . . Hackware . | . . . . . Protection 1 | . 1 . . . Artifact . | . . . . . Weapon 6 | 2 4 . . . Energy Gun 2 | . 2 . . . Energy Cannon . | . . . . . Ballistic Gun 3 | 2 1 . . . Ballistic Cannon . | . . . . . Launcher 1 | . 1 . . . Special Weapon . | . . . . . Impact Weapon . | . . . . . Slashing Weapon . | . . . . . Piercing Weapon . | . . . . . Special Melee Weapon . | . . . . . Unidentified Prototypes 1 | . . . 1 . Parts Lost 1 | . . . . 1 Power . | . . . . . Propulsion 1 | . . . . 1 Utility . | . . . . . Weapon . | . . . . . Highest Loss Streak 1 | . . . . 1 To Critical Strikes . | . . . . . Average Slot Usage (%) 97 | . 94 100 100 100 Engine 14 | . 14 14 14 14 Leg 27 | . 27 28 28 28 Device 4 | . . . 5 14 Storage 14 | . 14 14 14 14 Processor 5 | . 4 14 8 . Protection 2 | . 4 . . . Energy Gun 9 | . 4 14 14 14 Ballistic Gun 18 | . 23 14 14 14 Peak Build Rating 16 | 6 10 10 16 16 Average Rating 10 | 3 7 10 12 16 On Entrance 8 | . 6 10 10 16 Naked Turns . | . . . . . Heaviest Build 22 | 14 22 19 21 21 Greatest Support 20 | 20 20 20 20 20 Greatest Overweight (x) 1 | . 1 . 1 1 Average Overweight (x) . | . . . . 1 Largest Inventory Capacity 10 | 8 10 10 10 10 Average Capacity 9 | 7 9 10 10 10 Most Carried 10 | 5 10 10 10 10 Average Carried 9 | 2 8 9 9 10 Final Capacity 10 | 8 10 10 10 10 Final Carried 10 | 3 10 10 10 10 Class Distribution -------------------- 59% | Mutant 40% | Scavenger-Mutant Dominant Class ---------------- Mutant | -10/Materials Scavenger-Mutant | -10/Mines Scavenger-Mutant | -10/Exiles Mutant | -9/Mines Resources | -11 -10 -10 -10 -9 ----------- Run | Yrd Mat Min Exi Min Matter Collected 640 | 222 374 34 . 10 Remotely . | . . . . . Salvage Created 459 | . 459 . . . Parts 33 | . 33 . . . Haulers Intercepted 2 | . 2 . . . Recyclers Shooed . | . . . . . Parts Field Recycled . | . . . . . Retrieved Matter . | . . . . . Parts Self-Destructed . | . . . . . Prevented . | . . . . . Kills | -11 -10 -10 -10 -9 ------- Run | Yrd Mat Min Exi Min Combat Hostiles Destroyed 9 | . 8 . . 1 Guns 9 | . 8 . . 1 Classes Destroyed 6 | . 5 . . 1 Worker 1 | . 1 . . . Hauler 2 | . 2 . . . Watcher 2 | . 2 . . . Swarmer 3 | . 3 . . . Grunt 5 | . 5 . . . Demolisher 1 | . . . . 1 Best Kill Streak 3 | . 3 . . 1 Combat Bots Only 3 | . 3 . . 1 Max Kills in Single Turn 1 | . 1 . . 1 Gunslinging . | . . . . . Exploded . | . . . . . Melee . | . . . . . Uniques/NPCs Destroyed . | . . . . . Combat | -11 -10 -10 -10 -9 -------- Run | Yrd Mat Min Exi Min Hostile Shots Fired 40 | . 27 . . 13 Missed 8 | . 7 . . 1 Damage Taken 807 | . 166 . . 641 Core 273 | . 24 . . 249 Absorbed by Shields . | . . . . . Ignored by Resistances 177 | . 52 . . 125 Core Remaining (%) 100 | 100 . . . . Volleys Fired 46 | . 44 . . 2 Largest 2 | . 2 . . 2 Hottest 85 | . 85 . . 85 Shots Fired 92 | . 88 . . 4 Gun 91 | . 87 . . 4 Cannon . | . . . . . Launcher 1 | . 1 . . . Special . | . . . . . Kinetic 87 | . 85 . . 2 Thermal 4 | . 2 . . 2 Explosive 1 | . 1 . . . Electromagnetic . | . . . . . Robot Hit Streak 12 | . 12 . . 4 Robot Miss Streak 2 | . 2 . . . Penetration Max . | . . . . . Secondary Targets 2 | . 1 . . 1 Max Gunslinging Chain 1 | . 1 . . 1 Shots Hit Robots 61 | . 57 . . 4 Core Hits 23 | . 20 . . 3 Critical Kills 1 | . 1 . . . Critical Parts Destroyed . | . . . . . Critical Strikes 1 | . 1 . . . Destroy 1 | . 1 . . . Melee Attacks . | . . . . . Impact . | . . . . . Slashing . | . . . . . Piercing . | . . . . . Sneak Attacks . | . . . . . Combat Hostiles . | . . . . . Follow-up Attacks . | . . . . . Damage Inflicted 767 | . 712 . . 55 Guns 764 | . 712 . . 52 Cannons . | . . . . . Explosions . | . . . . . Melee . | . . . . . Ramming 3 | . . . . 3 Kinetic 716 | . 697 . . 19 Thermal 48 | . 15 . . 33 Explosive . | . . . . . Electromagnetic . | . . . . . Impact . | . . . . . Slashing . | . . . . . Piercing . | . . . . . Highest Corruption . | . . . . . Average Corruption . | . . . . . Corruption Purged . | . . . . . Corruption Blocked . | . . . . . Overload Shots . | . . . . . Overflow Damage . | . . . . . Projectiles . | . . . . . Explosions . | . . . . . Melee . | . . . . . Knockbacks . | . . . . . Impact . | . . . . . Kinetic . | . . . . . Secondary . | . . . . . Self-Inflicted Damage . | . . . . . Shots . | . . . . . Rammed . | . . . . . Targets Rammed 1 | . . . . 1 Kicked 1 | . . . . 1 Crushed . | . . . . . Highest Temperature 46 | . 44 . . 46 Average Temperature 18 | . 14 . . 34 Received Heat Transfer 84 | . 84 . . . Siege Activations . | . . . . . Robots Corrupted . | . . . . . Combat Hostiles . | . . . . . Parts Fried . | . . . . . Impact Corruptions . | . . . . . Robots Melted . | . . . . . Combat Hostiles . | . . . . . Parts Melted . | . . . . . Heat Transferred 111 | . 37 . . 74 Parts Sabotaged . | . . . . . Parts Stolen . | . . . . . Parts Stripped . | . . . . . Power Chain Reactions . | . . . . . Alert | -11 -10 -10 -10 -9 ------- Run | Yrd Mat Min Exi Min Peak Influence 167 | . 167 18 . . Initial 18 | . . 18 . . Average 41 | . 64 18 . . Maximum Alert Level . | . . . . . Low Security (%) 100 | 100 100 100 . 100 Level 1 . | . . . . . Level 2 . | . . . . . Level 3 . | . . . . . Level 4 . | . . . . . Level 5 . | . . . . . High Security . | . . . . . Max Security . | . . . . . Squads Dispatched 2 | . 2 . . . Investigation 2 | . 2 . . . Extermination . | . . . . . Reinforcement . | . . . . . Assault . | . . . . . Garrison . | . . . . . Intercept . | . . . . . Searches Triggered . | . . . . . Construction Impeded . | . . . . . Haulers Reinforced . | . . . . . Active Scanning Responses . | . . . . . Cargo Convoy Interrupts . | . . . . . Stealth | -11 -10 -10 -10 -9 --------- Run | Yrd Mat Min Exi Min Distress Signals . | . . . . . Communications Jammed . | . . . . . Distress Signals . | . . . . . Times Spotted 17 | . 15 . . 2 Peak Tracking Total 3 | . 3 . . 2 Tactical Retreats . | . . . . . Traps | -11 -10 -10 -10 -9 ------- Run | Yrd Mat Min Exi Min Traps Triggered 2 | . 2 . . . Indirectly . | . . . . . Trap Hack Attempts . | . . . . . Triggered . | . . . . . Disarmed 4 | . 4 . . . Reprogrammed . | . . . . . Reused . | . . . . . Traps Extracted . | . . . . . Installed . | . . . . . Triggered . | . . . . . Machines | -11 -10 -10 -10 -9 ---------- Run | Yrd Mat Min Exi Min Machines Disabled 1 | . 1 . . . Max in Single Turn 1 | . 1 . . . Machines Repaired . | . . . . . Machines Dismantled . | . . . . . Machines Sabotaged . | . . . . . Overloaded Fab Kills . | . . . . . Hacking | -11 -10 -10 -10 -9 --------- Run | Yrd Mat Min Exi Min Machines Accessed 6 | . 6 . . . Terminals 6 | . 6 . . . Fabricators . | . . . . . Repair Stations . | . . . . . Recycling Units . | . . . . . Scanalyzers . | . . . . . Garrison Access . | . . . . . Total Hacks 21 | . 21 . . . Successful 12 | . 12 . . . Failed 9 | . 9 . . . Catastrophic 1 | . 1 . . . Database Lockouts . | . . . . . Manual 1 | . . . 1 . Terminals 21 | . 21 . . . Fabricators . | . . . . . Repair Stations . | . . . . . Recycling Units . | . . . . . Scanalyzers . | . . . . . Garrison Access . | . . . . . Terminal Hacks 12 | . 12 . . . Record 7 | . 7 . . . Prototype ID Bank 1 | . 1 . . . Disarm Traps 1 | . 1 . . . Investigation Status 1 | . 1 . . . Recall Investigation 1 | . 1 . . . Zone Layout 1 | . 1 . . . Fabricator Hacks . | . . . . . Repair Station Hacks . | . . . . . Recycling Unit Hacks . | . . . . . Scanalyzer . | . . . . . Garrison Access Hacks . | . . . . . Unauthorized Hacks . | . . . . . Terminals . | . . . . . Fabricators . | . . . . . Repair Stations . | . . . . . Recycling Units . | . . . . . Scanalyzers . | . . . . . Garrison Access . | . . . . . Data Cores Recovered . | . . . . . Used . | . . . . . Hacking Detections 5 | . 5 . . . Full Trace Events 2 | . 2 . . . Feedback Events . | . . . . . Feedback Blocked . | . . . . . Robot Schematics Acquired . | . . . . . Robots Built . | . . . . . Authchips . | . . . . . Time . | . . . . . Total Robot Build Rating . | . . . . . Part Schematics Acquired . | . . . . . Parts Built . | . . . . . Authchips . | . . . . . Time . | . . . . . Total Part Build Rating . | . . . . . Parts Repaired . | . . . . . Time . | . . . . . Parts Recycled . | . . . . . Recycled Matter . | . . . . . Retrieved Matter . | . . . . . Retrieved Components . | . . . . . Parts Scanalyzed . | . . . . . Part Schematics Acquired . | . . . . . Parts Damaged . | . . . . . Bothacking | -11 -10 -10 -10 -9 ------------ Run | Yrd Mat Min Exi Min Used RIF Installer . | . . . . . Robots Hacked . | . . . . . Non-combat . | . . . . . Combat . | . . . . . Robot Hacks Applied . | . . . . . Relay Couplers Released . | . . . . . Fabnet Peak Effective % . | . . . . . Robots Rewired . | . . . . . Allies Hacked . | . . . . . Hacks Repelled . | . . . . . Allies | -11 -10 -10 -10 -9 -------- Run | Yrd Mat Min Exi Min Total Allies 3 | . . 3 . . Largest Group 3 | . . 3 3 3 Highest-Rated Group 40 | . . 40 40 40 Highest-Rated Ally 16 | . . 16 16 16 Total Orders . | . . . . . Ally Attacks 2 | . . . . 2 Total Damage 16 | . . . . 16 Kills . | . . . . . Allies Corrupted . | . . . . . Allies Melted . | . . . . . Intel | -11 -10 -10 -10 -9 ------- Run | Yrd Mat Min Exi Min Robot Analysis Total . | . . . . . Derelict Logs Recovered . | . . . . . Drone Launches . | . . . . . Drone Recoveries . | . . . . . Exploration | -11 -10 -10 -10 -9 ------------- Run | Yrd Mat Min Exi Min Turns Passed 2705 | 79 1106 216 888 416 Spaces Moved 1645 | 65 555 179 633 213 Core 22 | 22 . . . . Treads . | . . . . . Legs 1623 | 43 555 179 633 213 Wheels . | . . . . . Hover . | . . . . . Flight . | . . . . . Fastest Speed 50 | 50 120 120 120 190 Average Speed 142 | 96 140 120 139 190 Slowest Speed 190 | 120 190 120 190 190 Overloaded Moves . | . . . . . Propulsion Burnouts . | . . . . . Robots Hopped . | . . . . . Cave-ins Triggered 1 | . . . . 1 Exploration Rate (%) 50 | 5 72 40 94 41 Regions Visited 4 Branch Regions 3 Pre-discovered Areas . | . . . . . Known Exits Taken . | . . . . . Unknown Exits Taken 4 | 1 1 1 1 . Scrap Searched 2 | . . 1 . 1 Spaces Dug 9 | . 9 . . . Terrain Destroyed 9 | . 9 . . . Melee . | . . . . . Projectile . | . . . . . AOE 9 | . 9 . . . Terrain Rammed . | . . . . . Walls Destroyed . | . . . . . Machines Disabled . | . . . . . Actions | -11 -10 -10 -10 -9 --------- Run | Yrd Mat Min Exi Min Total 1916 | 82 794 180 638 222 Wait 169 | . 163 . . 6 Move 1641 | 64 554 178 632 213 Hop . | . . . . . Pick Up 31 | 10 18 1 2 . Fast Attach . | . . . . . Attach 14 | 7 6 . 1 . Detach . | . . . . . Swap 4 | . 4 . . . Drop 9 | 1 5 1 2 . Fire 46 | . 44 . . 2 Melee . | . . . . . Ram . | . . . . . Kick 1 | . . . . 1 Crush . | . . . . . Escape Stasis . | . . . . . Rewire 1 | . . . 1 . Trap . | . . . . . Miscellaneous . | . . . . . Route ------- -11/Scrapyard -10/Materials (discovered 3 exits: [*Mat x2] / [*Min]) -10/Mines (discovered 2 exits: [*Mat] / *Exi) -10/Exiles (discovered 2 exits: [*Min x2]) -9/Mines (discovered 1 exit: [*Mat]) History --------- Turn | Location | Event 2 | -11/Scrapyard | Discovered new exit (range 16) 80 | -11/Scrapyard | Entered Materials 302 | -10/Materials | Build established: Mutant 427 | -10/Materials | Discovered new exit (range 15) 743 | -10/Materials | Discovered new exit (range 12) 1059 | -10/Materials | Discovered new exit (range 7) 1167 | -10/Materials | Build established: Scavenger-Mutant 1186 | -10/Materials | Entered Mines 1360 | -10/Mines | Discovered new exit (range 17) 1373 | -10/Mines | Assisted by bots powering up and referring to "LRC-V3" 1394 | -10/Mines | Deemed a non-threat by the Exiles lab entrance 1394 | -10/Mines | Discovered new exit (range 5) 1402 | -10/Mines | Entered Exiles 1402 | -10/Exiles | Accompanied by 3 allies 1420 | -10/Exiles | Discovered new exit (range 15) 1458 | -10/Exiles | Met 8R-AWN 1474 | -10/Exiles | Met EX-HEX 1565 | -10/Exiles | Met EX-DEC 1596 | -10/Exiles | Visited The Gauntlet 1777 | -10/Exiles | Discovered new exit (range 16) 1868 | -10/Exiles | Met EX-BIN 1894 | -10/Exiles | Aligned with FarCom system 1895 | -10/Exiles | Given EX-Vault access code 1943 | -10/Exiles | Opened EX-Vault 1951 | -10/Exiles | Found Prototype Device 1952 | -10/Exiles | Identified PSU Rigger 1999 | -10/Exiles | Warned to stay clear of 0b10 Research branches 2239 | -10/Exiles | Build established: Mutant 2290 | -10/Exiles | Left Exiles lab with PSU Rigger 2290 | -10/Exiles | Entered Mines 2290 | -9/Mines | Accompanied by 3 allies 2297 | -9/Mines | Met a Derelict bent on vengeance 2619 | -9/Mines | Discovered new exit (range 7) 2685 | -9/Mines | Assembled infested the area 2690 | -9/Mines | Assisted by a Guerilla fighting off Assembled 2704 | -9/Mines | Core integrity fell below 50% 2707 | -9/Mines | Crushed by falling debris 2707 | -9/Mines | Smashed by cave-in Last Messages --------------- Found Seismic Detector. Found Arm. Wheel. Found 43 Matter. EXIT=FOUND ALERT: Infestation in the mines, dispatching Demolisher response squad. C-30 ARC bursts open, deploying its payload. D-53 Grenadier unfolds itself. Trooper 1a destroyed. Trooper 1b destroyed. U-05 Engineer builds a Wall. Mercenary 1a destroyed. U-05 Engineer destroyed. The unstable cave ceiling collapses. D-53 Grenadier destroyed. Switching to secondary target: D-53 Grenadier. The unstable cave ceiling collapses. Crushed by falling debris. [Achievement: Unlikely Earthworm] Aluminum Leg destroyed. System corrupted by crushing effect (+2). Map ----- +----------------------------------------------------+ | """ ## ##???####### #???????????????????????? | | ######??????????# #???????????????????????? | | #####???????????????# #???????????????????????? | | ##???????#####???????# #???????????????????????? | | #???????## ###?????# ###?????????????????????? | | #?????### #?????# ##????????????????????? | | #??# ## !!! #????## ###??????????????????? | | ##??# ! ! #???## ##?????????????????? | | ????## # ! #??## #?????????????????? | | ?????# ### !!! #### #???????????? | | ?????##??# ### ###????????????? | | ?????????##### #### #### #???#??????????????? | | ?????????????# #??## ##??? #??????????????????? | | ?????????????# #???## ##?????#??????????????????? | | ?????????????# #????####?????????????????????????? | | ?????######??# #?????????????????????????????????? | | ###### ##?# #?????????????????????????????????? | | # ### #?????????????????????????????????? | | # #### ## #?????????????????????????????????? | | # ##### ####??????????????????????????????? | | ## ## #??############????????????????? | | """### ######%#??# ?????????????????? | | """#?#####????# #?## ##????##???????????? | | """#??????????# #?# #??? ##??????????? | | #?????###### ### ##? ##?????????? | | """#?????# ## @ ## ###???????? | | """#?????# """" ## ##??????? | | """#?????# """" # r #??????? | | #?????# """" ## #?????? | | #?????# ## d == #?????? | | ######?????########### [# ## ????????? | | ?????????????????????# # ###r #??????????? | | ?????????????????????# ### ###??? #??????????? | | ??????????????######## #######??????? #??????????? | | ??????????????# #?????????????????????? | | ??????????????# """ #?????????????????????? | | ??????????????# """ #?????????????????????? | | ??????????????# """ #?????????????????????? | | ??????????????# < #?????????????????????? | | ??????????????# """ #?????????????????????? | | ??????????????# """ #?????????????????????? | | ??????????????# """ #?????????????????????? | | ??????????????# #?????????????????????? | | ??????????????# """ """ #?????????????????????? | | ??????????????# """ """ #?????????????????????? | | ??????????????# """ """ #?????????????????????? | | ??????????????# #?????????????????????? | | ??????????????##############?????????????????????? | | ?????????????????????????????????????????????????? | | ?????????????????????????????????????????????????? | +----------------------------------------------------+ Best States ------------- Heat Dissipation 25 Energy Generation 10 Energy Capacity 250 Matter Stores 300 Matter Capacity 300 Sight Range 18 Terrain Scan Density 10 Armor Coverage 150 Resistance: KI 20 Resistance: TH 20 Resistance: EX 20 Resistance: EM 20 Resistance: I 20 Resistance: S 20 Resistance: P 20 Evasion (%) 55 Recoil Reduction 1 Offensive Hacking 10 Item Schematics ----------------- None Robot Schematics ------------------ None Fabricated ------------ Nothing Alien Tech Used ----------------- None Achievements -------------- Unlikely Earthworm Challenges ------------ None Game ------ Seed CompactMakeshiftBoomstick Manual? 0 Play Time 00:25:06 Cumulative 6.4 hours Start 2025.03.21 @ 17:41:48 End 2025.03.21 @ 18:11:16 Sessions 1 Manual Loads 0 Difficulty Adventurer Special Mode None Game No. 9 Rogue 0 Adventurer 9 Explorer 0 Win Type - Total 0 Types 0/0/0/0/0/0/0/0/0 Lore% 8 Gallery% 10 Achievement% 10 Wizard Run 0 Options --------- Layout 0 ASCII 0 Keyboard 0 Movement Mouse Keybinds 0 Fullscreen 2 Font 24/Smallcaps Map View 76x50 Zoom Use 0% Tactical HUD 0 Map Filters NONE Filters NONE Steam 1 RUN: 74ed0fb1-93dd-4003-9c3d-e7d7ef9e2517